 Dungeon Crawl Stone Soup version 0.31-b1-22-gc680215f68 (webtiles) character file.

Game seed: 6505315939698222845

122 apoch the Slasher (level 4, 0/39 HPs)
             Began as a Minotaur Fighter on Jan 18, 2024.
             Killed from afar by an orc wizard (4 damage)
             ... with a puff of flame
             ... on level 3 of the Dungeon.
             The game lasted 00:03:54 (1726 turns).

apoch the Slasher (Minotaur Fighter)                Turns: 1726, Time: 00:03:54

Health: 0/39       AC:  9    Str: 22    XL:     4   Next: 78%
Magic:  3/3        EV:  8    Int:  5    God:
Gold:   122        SH:  0    Dex: 10    Spells: 3/3 levels left

rFire   . . .        a - +0 long sword
rCold   . . .        c - +0 buckler
rNeg    . . .        k - +0 chain mail
rPois   .            (helmet restricted)
rElec   .            (no cloak)
rCorr   .            (no gloves)
SInv    .            (no boots)
Will    .....        (no amulet) Stlth
                     (no ring)
HPRegen 0.26/turn    (no ring)
MPRegen 0.08/turn

%: no passive effects
@: confused, invisible
A: horns 2, retaliatory headbutt
a: no special abilities


You were on level 3 of the Dungeon.
You visited 1 branch of the dungeon, and saw 3 of its levels.

You collected 122 gold pieces.

Inventory:

Hand Weapons
 a - a +0 long sword (weapon)
 n - a +0 whip of venom
Missiles
 q - 7 stones (quivered)
Armour
 b - a +0 scale mail
 c - a +0 buckler (worn)
 k - a +0 chain mail (worn)
Scrolls
 e - a scroll of noise {unknown}
 f - a scroll of enchant weapon {unknown}
 g - 2 scrolls of teleportation {unknown}
 h - 2 scrolls of vulnerability {unknown}
 j - a scroll of identify {unknown}
 p - a scroll of enchant armour {unknown}
 r - a scroll of fog {unknown}
Potions
 d - a potion of might
 l - 3 potions of curing {unknown}
 m - a potion of degeneration {unknown}
 o - a potion of lignification {unknown}


   Skills:
 - Level 3.6 Fighting
 + Level 6.1 Long Blades
 - Level 3.6 Armour
 - Level 3.6 Shields


You had 3 spell levels left.
You didn't know any spells.
Your spell library contained the following spells:

 Spells                   Type           Power      Damage    Failure   Level
 Shock                    Conj/Air       0%         1d3       99%         1
 Sting                    Conj/Alch      0%         1d3       99%         1
 Mercury Vapours          Alch/Air       0%         N/A       99%         2
 Swiftness                Air            0%         N/A       100%        3
 Airstrike                Air            0%         2d(0-16)  100%        4
 Olgreb's Toxic Radiance  Alch           0%         N/A       100%        4


Dungeon Overview and Level Annotations

Branches:
Dungeon (3/15)

Altars:


Innate Abilities, Weirdness & Mutations

You have a pair of horns on your head.
You reflexively headbutt those who attack you in melee.


Message History

You miss the orc.
The orc is heavily wounded.
The orc hits you but does no damage. Something hits you.
You barely miss the orc. Your headbutt misses the orc.
The orc is heavily wounded.
The orc barely misses you. Something hits you.
You feel less confused. The orc closely misses you.
Found a scroll labelled PEBBYE COAXAL.
The orc hits you with a +0 hand axe. You block the orc's attack.
You block something's attack.
You closely miss the orc. The orc barely misses you.
The orc hits you with a +0 club. Something hits you but does no damage.
You closely miss the orc. The orc hits you with a +0 hand axe.
The orc hits you with a +0 club. Something hits you but does no damage.
You hit the orc.
The orc is severely wounded.
The orc hits you with a +0 hand axe.
* * * LOW HITPOINT WARNING * * *
The orc barely misses you. You furiously retaliate!
You headbutt the orc!
You kill the orc!
Something hits you but does no damage.
You slash the orc!
You kill the orc!
Something hits you but does no damage.
You hear some strange, mumbled words.
You are confused.
Something hits you.
* * * LOW HITPOINT WARNING * * *
You miss something.
You hear some strange, mumbled words.
A puff of flame appears from out of thin air!
The puff of flame hits you!
* * * LOW HITPOINT WARNING * * *
You're too confused to move!
Something hits you but does no damage.
It was a potion of invisibility.
You fade into invisibility!
You hear some strange, mumbled words.
A puff of flame appears from out of thin air!
The puff of flame hits you.
You die...

.# #....#### .# #....##.#
.######....##.#########
......................
.############.#...... ###
#......... #
..##########.##..#.##.#
.........)...#...#....###
..##########.# #@........
..#######....###{........
................)).......
.......##..#.###.........
..#+##.#...### #.........
.......#... .........?
#.......... ..#........
+......#.## ...........
#......#. ............


There were no monsters in sight!

Vanquished Creatures
  An orc wizard (D:2)
  4 adders (D:2)
  A dart slug (D:2)
  A ribbon worm (D:2)
  7 orcs
  2 endoplasms (D:1)
  2 giant cockroaches
  3 goblins
  3 hobgoblins (D:2)
  5 jackals (D:1)
  2 quokkas
  7 ball pythons
  6 bats
  A frilled lizard (D:1)
  2 kobolds (D:2)
  3 rats
50 creatures vanquished.

Notes
Turn   | Place    | Note
-------+----------+-------------------------------------------
     0 | D:1      | apoch the Minotaur Fighter began the quest for the Orb.
     0 | D:1      | Reached XP level 1. HP: 19/19 MP: 0/0
   151 | D:1      | Reached skill level 3 in Long Blades
   158 | D:1      | Reached XP level 2. HP: 16/26 MP: 1/1
   405 | D:1      | You fall into a shaft and drop 1 floor!
   420 | D:2      | Reached skill level 4 in Long Blades
   434 | D:2      | Reached XP level 3. HP: 20/31 MP: 2/2
   459 | D:2      | Reached skill level 5 in Long Blades
   569 | D:2      | Reached XP level 4. HP: 26/39 MP: 3/3
  1326 | D:2      | Reached skill level 6 in Long Blades
  1726 | D:3      | Killed from afar by an orc wizard

Illustrated notes

Levels and vault maps discovered:
D:1:      amcnicky_arrival_gap_in_the_tavern_cellar, layout_rooms, serial_bayou,
          serial_bayou_shore_b, serial_bayou_lagoon_a, serial_bayou_pond_b,
          serial_bayou_pond_a, minmay_misc_feat_hallway, dk_noncrumbling_2,
          minmay_pentomino_p2
D:2:      layout_loops_ring
D:3:      layout_basic, mainiacjoe_overflow_swirl, nrook_loot_triangle

Skill      XL: |  1  2  3  4 |
---------------+-------------+-----
Long Blades    | 3 4 5 6 |  6.1
Fighting       | |  3.6
Armour         | |  3.6
Shields        | |  3.6

Action                     |  1- 3 |  4- 6 || total
---------------------------+-------+-------++-------
  Melee: Long sword        |    80 |    77 ||   157
         Headbutt          |    11 |    10 ||    21
  Throw: Stone             |       |     7 ||     7
    Use: Potion            |       |     1 ||     1
 Armour: Scale mail        |    73 |       ||    73
         Chain mail        |       |    61 ||    61
  Dodge: Dodged            |    48 |    33 ||    81
  Block: Buckler           |    17 |    12 ||    29
